AoeStats
← hvon2749

Arabian Desert

509521886Analyzed
1v1 RM · 6d ago on Sep 27, 2026· 66m 19s· 2 players
Game mode
Random Map
Map size
Tiny (2 player)
Population
200
Speed
Normal
Resources
Standard
Victory
Conquest
Starting age
Dark Age
Ending age
Imperial Age
RankedLock teamsTeams togetherTeam positionsShared explorationLock speedFull tech treeHidden civsTurbo modeCheats
Victory
Defeat
🇳🇱 Danes · Netherlands
620
+15
🇺🇸 Japanese · United States
600
-15
hvon2749
12:58 Feudal Age
13:01 Man-at-Arms
15:24 Forging
15:58 Horse Collar
18:50 Wheelbarrow
18:50 Scale Mail Armor
24:05 Castle Age
22:26 Stone Mining
22:27 Gold Mining
25:16 Long Swordsman
25:42 Gambesons
28:35 Hand Cart
29:37 Iron Casting
29:04 Padded Archer Armor
29:51 Pikeman
46:38 Imperial Age
47:15 Gold Shaft Mining
49:34 Blast Furnace
48:50 Chain Mail Armor
48:26 Fletching
53:12 Thumb Ring
57:18 Squires
57:23 Elite Skirmisher
61:02 Bodkin Arrow
63:54 Double-Bit Axe
64:53 Halberdier
Chasixx
2:42 Loom
12:13 Feudal Age
13:01 Double-Bit Axe
13:52 Horse Collar
15:02 Wheelbarrow
16:28 Town Watch
19:17 Bloodlines
22:13 Castle Age
22:04 Forging
24:27 Husbandry
25:25 Scale Barding Armor
25:21 Scale Mail Armor
35:15 Town Patrol
35:37 Light Cavalry
40:53 Hand Cart
43:02 Iron Casting
42:49 Chain Barding Armor
41:57 Crossbowman
43:31 Fletching
45:30 Chain Mail Armor
45:42 Thumb Ring
45:40 Padded Archer Armor
45:36 Bodkin Arrow
48:08 Bow Saw
49:38 Squires
52:39 Imperial Age
52:04 Ballistics
54:40 Blast Furnace
57:54 Conscription
58:39 Elite Varangian Guard
59:40 Arson
61:02 Chemistry
60:40 Bracer
61:37 Gold Mining
63:13 Plate Mail Armor
63:15 Heavy Plow
Connection lost

Rejoining the realm…

Still unreachable

The connection could not be restored.

Session expired

The server has moved on; the page needs a fresh start.